 Dungeon Crawl Stone Soup version 0.23-a0-169-gb21e695 (webtiles) character file.

203 Amnesiac the Gusty (level 5, 0/35 HPs)
             Began as a Mummy Air Elementalist on Sept 10, 2018.
             Was a Follower of Kikubaaqudgha.
             Slain by an adder (3 damage)
             ... in a sewer on Sept 11, 2018.
             The game lasted 00:09:12 (3356 turns).

Amnesiac the Gusty (Mummy Air Elementalist)         Turns: 3356, Time: 00:09:13

Health: 0/35       AC:  3    Str: 11    XL:     5   Next: 51%
Magic:  7/11       EV: 12    Int: 16    God:    Kikubaaqudgha [*.....]
Gold:   93         SH:  0    Dex: 12    Spells: 4/12 levels left

rFire    x . .     SeeInvis .   i - +0 spear
rCold    + . .     Gourm    .   (no shield)
rNeg     + + +     Faith    .   a - +0 robe
rPois    ∞         Spirit   .   (no helmet)
rElec    .         Reflect  .   (no cloak)
rCorr    .         Harm     .   e - +0 pair of gloves
MR       .....                  (no boots)
Stlth    +.........             (no amulet)
HPRegen  0.11/turn              (no ring)
MPRegen  0.12/turn              (no ring)

@: very slow
A: no food or potions, fire vulnerability, cold resistance 1, negative energy
resistance 3, torment resistance, unbreathing
a: Receive Corpses, Renounce Religion


You were in a sewer.
You worshipped Kikubaaqudgha.
Kikubaaqudgha was aware of your devotion.
You were not hungry.

You visited 1 branch of the dungeon, and saw 3 of its levels.
You also visited: Sewer.

You collected 93 gold pieces.

Inventory:

Hand Weapons
 b - a +0 short sword
 i - a +0 spear (weapon)
Armour
 a - a +0 robe (worn)
 e - a +0 pair of gloves (worn)
 f - a +0 pair of boots
 h - a +0 ring mail
Jewellery
 k - an uncursed ring of stealth {unknown}
Scrolls
 c - 2 scrolls of amnesia {!r, unknown}
 d - a scroll of teleportation {!r, unknown}
 g - 5 scrolls of identify {!r, unknown}
 j - a scroll of fear {!r, unknown}
 l - 2 scrolls of fog {!r, unknown}
 m - 2 scrolls of magic mapping {!r, unknown}


   Skills:
 - Level 1.5 Dodging
 - Level 1.5 Stealth
 - Level 4.0 Spellcasting
 - Level 0.7 Conjurations
 + Level 2.8 Necromancy
 - Level 4.0 Air Magic


You had 4 spell levels left.
You knew the following spells:

 Your Spells              Type           Power        Failure   Level  Hunger
a - Shock                 Conj/Air       ##..         6%          1    N/A
d - Airstrike             Air            ###.......   32%         4    N/A
e - Pain                  Necr           ##..         5%          1    N/A
z - Swiftness             Chrm/Air       #.......     11%         2    N/A

Your spell library contained the following spells:

 Spells                   Type           Power        Failure   Level  Hunger
 Animate Skeleton         Necr           N/A          5%          1    N/A
 Corpse Rot               Necr           N/A          8%          2    N/A
 Vampiric Draining        Necr           ##........   16%         3    N/A
 Static Discharge         Conj/Air       ##......     19%         3    N/A
 Lightning Bolt           Conj/Air       ##........   87%         5    N/A

Dungeon Overview and Level Annotations

Branches:
Dungeon (3/15)

Altars:
Cheibriados
Elyvilon
Kikubaaqudgha
Ru
Xom

Annotations:
D:3 2 runed doors, grindst0ne's ghost, amateur CeHu


Innate Abilities, Weirdness & Mutations

You do not eat or drink.
Your flesh is vulnerable to fire.
You are immune to poison.
Your flesh is cold resistant. (rC+)
You are immune to negative energy. (rN+++)
You are immune to unholy pain and torment.
You can survive without breathing.


Message History

Confirm with . or Enter, or press ? or * to list all spells.
Aiming: Shock (safe; 6% risk of failure)
Press: ? - help, Shift-Dir - straight line, f - adder
Aim: an adder The zap hits the adder.
The adder is moderately wounded.
The zap misses the adder.
The adder hisses angrily.
The adder closely misses you.
Casting: Shock (safe; 6% risk of failure)
Confirm with . or Enter, or press ? or * to list all spells.
Aiming: Shock (safe; 6% risk of failure)
Press: ? - help, Shift-Dir - straight line, f/p - adder
Aim: an adder (moderately wounded)
The zap hits the adder.
The adder is almost dead.
The zap hits the adder.
You kill the adder!
Kikubaaqudgha accepts your kill.
The adder hisses angrily.
Casting: Shock (safe; 6% risk of failure)
Confirm with . or Enter, or press ? or * to list all spells.
Aiming: Shock (safe; 6% risk of failure)
Press: ? - help, Shift-Dir - straight line, f - ball python
Aim: a ball python The zap misses the ball python.
The ball python closely misses you. x2
The adder closely misses you.
A bullfrog comes into view.
Casting: Shock (safe; 6% risk of failure)
Confirm with . or Enter, or press ? or * to list all spells.
Aiming: Shock (safe; 6% risk of failure)
Press: ? - help, Shift-Dir - straight line, f/p - ball python
Aim: a ball python The zap hits the ball python.
The ball python is moderately wounded.
The adder barely misses you. The ball python misses you.
The ball python grabs you. The ball python constricts you. The adder bites you.
You escape the ball python's grasp.
The adder bites you.
Okay, then.
A ball python comes into view.
The bullfrog hits you. The adder bites you. The adder barely misses you.
The ball python hisses angrily.
The adder barely misses you. The bullfrog closely misses you.
The adder bites you. The adder closely misses you. The bullfrog hits you.
* * * LOW HITPOINT WARNING * * *
Casting: Shock (safe; 6% risk of failure)
Confirm with . or Enter, or press ? or * to list all spells.
Aiming: Pain (safe; 5% risk of failure)
Press: ? - help, Shift-Dir - straight line, f - bullfrog, p - ball python
Aim: a bullfrog (chance to defeat MR: 68%)
The bullfrog writhes in agony!
The bullfrog barely misses you. The adder closely misses you.
The adder barely misses you.
The ball python closely misses you. x2; The bullfrog closely misses you.
The adder misses you.
Unknown command.
The adder bites you.
* * * LOW HITPOINT WARNING * * *
The adder closely misses you. The bullfrog hits you!
* * * LOW HITPOINT WARNING * * *
The adder bites you.
* * * LOW HITPOINT WARNING * * *
The adder bites you.
You die...
Kikubaaqudgha rasps: "You have failed me!
Welcome... oblivion!"

#≈≈≈≈≈≈# #≈≈≈≈#≈#
#≈≈≈≈≈≈# #≈≈≈≈≈≈#
#≈≈≈≈≈≈# #≈≈≈≈.≈#
##.≈≈≈## #≈≈≈≈†≈#
#≈.!(.≈# #≈≈≈#≈≈#
#≈.≈≈.≈# #≈≈≈≈#≈#
#≈≈≈≈†≈# #≈≈≈≈S≈#
#≈≈≈≈≈≈# #≈SSF≈≈#
#≈≈≈≈≈≈# #≈≈@SS≈#
#≈≈≈≈≈≈# #≈≈≈S≈≈#
#≈≈≈†≈≈# #####≈≈≈≈≈≈#
##≈..≈## #..##.†≈≈≈.#
#....†.###..##......#
##......##'##......##
#.......#.........#
##...............##
####.........####


You could see a bullfrog, 3 adders and 3 ball pythons.

Vanquished Creatures
  A hound (D:2)
  5 river rats (Sewer)
  5 adders
  An ooze (D:1)
  A worm (D:2)
  A dart slug (D:1)
  4 leopard geckos (D:1)
  2 orcs (D:3)
  2 giant cockroaches
  5 goblins
  5 hobgoblins
  5 jackals
  4 ball pythons
  3 bats (D:1)
  9 frilled lizards
  6 kobolds
  25 rats
84 creatures vanquished.

Notes
Turn   | Place    | Note
-------+----------+-------------------------------------------
     0 | D:1      | Amnesiac the Mummy Air Elementalist began the quest for the
                  | Orb.
     0 | D:1      | Reached XP level 1. HP: 13/13 MP: 4/4
   207 | D:1      | Reached XP level 2. HP: 16/19 MP: 2/5
   211 | D:1      | Learned a level 2 spell: Swiftness
  1063 | D:1      | Reached XP level 3. HP: 23/24 MP: 4/7
  1591 | D:2      | Found a faded altar of an unknown god.
  1692 | D:2      | Reached XP level 4. HP: 29/30 MP: 4/9
  1746 | D:2      | Learned a level 4 spell: Airstrike
  1746 | D:2      | Upgraded the game from 0.23-a0-164-g7711e57 to
                  | 0.23-a0-169-gb21e695
  1786 | D:2      | Found a white marble altar of Elyvilon.
  1878 | D:3      | Found a glowing drain.
  1900 | D:3      | Found a sacrificial altar of Ru.
  1901 | D:3      | Found a shimmering altar of Xom.
  1931 | D:3      | Found a snail-covered altar of Cheibriados.
  1954 | D:3      | Found a runed door.
  1972 | D:3      | Found a runed door.
  1972 | D:3      | Noticed grindst0ne's ghost (amateur CeHu)
  2012 | D:3      | Found an ancient bone altar of Kikubaaqudgha.
  2049 | D:3      | Became a worshipper of Kikubaaqudgha
  2086 | Sewer    | Entered a sewer
  2395 | Sewer    | Reached skill level 1 in Necromancy
  2480 | Sewer    | Reached XP level 5. HP: 25/35 MP: 7/11
  2803 | Sewer    | Reached * piety under Kikubaaqudgha
  2803 | Sewer    | Identified Kikubaaqudgha's Compendium of Dark Magic
                  | (Kikubaaqudgha gifted it to you in a sewer)
  2803 | Sewer    | Received a gift from Kikubaaqudgha
  2809 | Sewer    | Learned a level 1 spell: Pain
  3356 | Sewer    | Slain by an adder

Vault maps used:
D:1:      dpeg_arrival_three_smaller_balls, minmay_split_cup_small
D:2:      lemuel_round_altar, chequers_ecumenical_altar_island,
          kennysheep_generic_room_13
D:3:      old_standard_altar, kiku_gazebo_pond_becter,
          amethyst_overflow_temple_binary, portal_sewer_entry_a,
          ebering_ghost_sewer_f, serial_curves, eino_curves_01, eino_curves_04,
          eino_curves_04
Sewer:    sewer_minmay_w

Skill      XL: |  1  2  3  4  5 |
---------------+----------------+-----
Air Magic      | 3 4 |  4.0
Spellcasting   | 3 4 |  4.0
Necromancy     | 1 2 |  2.8
Dodging        | |  1.5
Stealth        | |  1.5
Conjurations   | |  0.7

Action                   |  1- 3 |  4- 6 || total
-------------------------+-------+-------++-------
Melee: Short sword       |    16 |     2 ||    18
       Spear             |       |     2 ||     2
 Cast: Shock             |    58 |    86 ||   144
       Pain              |       |    28 ||    28
Armor: Robe              |    12 |    12 ||    24
Dodge: Dodged            |    42 |    74 ||   116

Table legend:
 A = Non-vault XP
 B = Vault XP
 C = Vault XP percentage of total XP
 D = Non-vault monster count
 E = Vault monster count
 F = Vault count percentage of total count
                 A         B        C        D         E       F
            +---------+---------+-------+---------+---------+-------
      Total |     135 |     156 |  53.6 |      41 |      43 |  51.2
            +---------+---------+-------+---------+---------+-------
        D:1 |      49 |       4 |   7.5 |      23 |       3 |  11.5
        D:2 |      61 |       0 |   0.0 |      11 |       0 |   0.0
        D:3 |      25 |       1 |   3.8 |       7 |       1 |  12.5
      Sewer |       0 |     151 | 100.0 |       0 |      39 | 100.0
            +---------+---------+-------+---------+---------+-------
